 Dungeon Crawl Stone Soup version 0.20-b1 (webtiles) character file.

2924 miragecloak the Martial Artist (level 9, -9/67 HPs)
             Began as a White Draconian Transmuter on May 19, 2017.
             Was an Initiate of Ashenzari.
             Mangled by a gargoyle
             ... wielding a +0 mace
              (17 damage)
             ... on level 9 of the Dungeon.
             The game lasted 00:09:53 (7949 turns).

miragecloak the Martial Artist (DrTm)               Turns: 7949, Time: 00:09:53

Health: -9/67      AC:  9    Str: 11 (12) XL:     9   Next: 50%
Magic:  12/12      EV: 12    Int: 14      God:    Ashenzari [......]
Gold:   470        SH:  5    Dex: 13 (15) Spells: 11/12 levels left

rFire    . . .     SeeInvis .     - Unarmed
rCold    + . .     Gourm    .   (no shield)
rNeg     . . .     Faith    .   (armour unavailable)
rPois    +         Spirit   .   (helmet restricted)
rElec    +         Reflect  +   (no cloak)
rCorr    .         Harm     .   m - +1 pair of gloves
MR       .....                  (boots currently unavailable)
Stlth    ++........             f - +5 amulet of reflection (curse)
Regen    0.3/turn               n - ring of poison resistance
MPRegen  0.2/turn               h - ring of stealth

@: short of breath, appendage
A: breathe frost, unfitting armour, horns 1, talons 3, blurry vision 1, cold
resistance 1, deterioration 1, frail 1, electricity resistance, cold-blooded, AC
+7
a: Breathe Frost, End Transformation, Curse Item, Renounce Religion


You were on level 9 of the Dungeon.
You worshipped Ashenzari.
Ashenzari was noncommittal.
You were not hungry.
You had grown temporary talons.
You visited 2 branches of the dungeon, and saw 10 of its levels.

You collected 470 gold pieces.

Inventory:

Missiles
 a - 118 arrows
Armour
 m - a +1 pair of gloves (worn)
Jewellery
 f - a cursed +5 amulet of reflection (around neck)
 h - a ring of stealth (right hand)
 n - a ring of poison resistance (left hand)
 r - an uncursed amulet of magic regeneration
 w - a cursed amulet of inaccuracy
 A - an uncursed amulet of the gourmand
 C - an uncursed ring of flight
 F - an uncursed ring of magical power
Wands
 v - a wand of acid (0/15)
 D - a wand of random effects (7/48)
 J - a wand of disintegration (6/24)
 K - a wand of random effects (24/48)
Scrolls
 e - 11 scrolls of identify {unknown}
 g - 2 scrolls of amnesia {unknown}
 j - 2 scrolls of fear {unknown}
 k - 2 scrolls of magic mapping {unknown}
 o - 2 scrolls of noise {unknown}
 t - a scroll of enchant weapon {unknown}
 u - a scroll of silence {unknown}
 x - a scroll of random uselessness {unknown}
 y - 2 scrolls of fog {unknown}
 z - 3 scrolls of teleportation {unknown}
Potions
 l - 3 potions of mutation {unknown}
 q - 2 potions of agility {unknown}
 s - 3 potions of curing {unknown}
 B - 2 potions of heal wounds {unknown}
 E - 2 potions of magic {unknown}
 G - a potion of invisibility {unknown}
 H - a potion of ambrosia {unknown}
 I - a potion of lignification {unknown}
Books
 b - a book of Changes

   Spells                             Type                      Level
   a - Beastly Appendage              Transmutation                1
   b - Sticks to Snakes               Transmutation                2
   c - Spider Form                    Transmutation/Poison         3
   d - Ice Form                       Ice/Transmutation            4
   e - Blade Hands                    Transmutation                5
Comestibles
 c - 5 bread rations
 d - 10 fruits
 i - 8 meat rations
 p - 4 royal jellies


   Skills:
 - Level 6.0 Fighting
 - Level 1.7 Dodging
 - Level 11.1 Unarmed Combat
 - Level 2.0 Spellcasting
 + Level 5.5 Transmutations


You had 11 spell levels left.
You knew the following spells:

 Your Spells              Type           Power        Failure   Level  Hunger
a - Beastly Appendage     Tmut           ###...       2%          1    ##.....


Dungeon Overview and Level Annotations

Branches:
Dungeon (9/15)             Temple (1/1) D:6
   Lair: D:8-11         Orc: D:9-12

Altars:
Ashenzari
Cheibriados
Dithmenos
Elyvilon
Fedhas
Gozag
Hepliaklqana
Kikubaaqudgha
Makhleb
Nemelex Xobeh
Okawaru
Qazlal
Ru
Sif Muna
Trog
Uskayaw
Vehumet
Xom
Yredelemnul
Zin
The Shining One


Innate Abilities, Weirdness & Mutations

You can breathe waves of freezing cold.
You can buffet flying creatures when you breathe cold.
Your icy white scales are hard. (AC +7)
You cannot fit into any form of body armour.
Your flesh is cold resistant. (rC+)
You are cold-blooded and may be slowed by cold attacks.
You have a pair of small horns on your head.
You have claws for feet.
Scrolls take you a little longer to read.
Your body sometimes deteriorates upon taking damage.
You are frail. (-10% HP)
You are resistant to electric shocks. (rElec)


Message History

Evoke which item? (* to show all) (? for menu, Esc to quit)
Aiming: Corrosive Bolt (will waste charges)
Press: ? - help, Shift-Dir - straight line, f/p - gargoyle
Aim: a gargoyle, wielding a mace (almost destroyed, covered in acid) Nothing appears to happen.
You block the quasit's attack. The quasit barely misses you.
The quasit closely misses you.
The gargoyle hurls a stone arrow at you.
The stone arrow misses you.
The stone arrow hits the quasit.
The quasit dies!
Evoke which item? (* to show all) (? for menu, Esc to quit)
Okay, then.
You can't do that yet.
Evoke which item? (* to show all) (? for menu, Esc to quit)
Aiming: Disintegrate (will waste charges)
Press: ? - help, Shift-Dir - straight line, f/p - gargoyle
Aim: a gargoyle, wielding a mace (almost destroyed, covered in acid, chance to defeat MR: 48%)
The gargoyle resists with some effort.
Evoking this partially-identified wand wasted a few charges.
The gargoyle hits you with a mace!
You die...

#.#.###........# #. .#.#
#........# ##
.....##........# #
......#........# #
...............# ###
...............# #<#
...............########.#
.........................
.#....@9.[.............
#....##......#######.#
#....##......# #.#
#....##......### #.#
#....##.####...#####.#
#.....................
#....##.####(..#####.#
................# #.#
##..#.##.####....# #.#


You could see a gargoyle.

Vanquished Creatures
  2 hippogriffs (D:9)
  Menkaure (D:5)
  3 sky beasts
  3 orc warriors
  A phantom (D:7)
  An ice beast (D:7)
  3 ogres
  A black bear (D:9)
  A big kobold (D:4)
  2 bullfrogs
  3 scorpions
  A howler monkey (D:5)
  2 crimson imps (D:5)
  2 quasits
  2 bullfrog skeletons (D:5)
  2 orc priests
  2 centaur skeletons
  3 hounds
  3 iguanas
  8 worker ants
  An orc wizard (D:7)
  2 hound skeletons
  3 gnolls
  10 adders
  A shadow imp (D:6)
  3 oozes
  An adder skeleton (D:5)
  2 worms (D:3)
  A dart slug (D:2)
  3 leopard geckos
  19 orcs
  7 bats
  2 giant cockroaches
  20 goblins
  8 hobgoblins
  9 jackals
  A quokka (D:2)
  A ball python (D:2)
  5 frilled lizards
  10 kobolds
  A leopard gecko zombie (D:8)
  A quokka skeleton (D:4)
  11 rats
168 creatures vanquished.

Vanquished Creatures (others)
  A quasit (D:9)
1 creature vanquished.

Grand Total: 169 creatures vanquished

Notes
Turn   | Place    | Note
-------+----------+-------------------------------------------
     0 | D:1      | miragecloak the Draconian Transmuter began the quest for the Orb.
     0 | D:1      | Reached XP level 1. HP: 16/16 MP: 3/3
   146 | D:1      | Reached XP level 2. HP: 21/23 MP: 3/5
   630 | D:1      | Reached skill level 4 in Unarmed Combat
   778 | D:2      | Reached XP level 3. HP: 28/28 MP: 4/6
  1503 | D:2      | Reached XP level 4. HP: 33/35 MP: 5/7
  1584 | D:3      | Reached skill level 5 in Unarmed Combat
  2246 | D:3      | Found a sacrificial altar of Ru.
  2503 | D:3      | Reached skill level 6 in Unarmed Combat
  2503 | D:3      | Reached XP level 5. HP: 26/40 MP: 6/8
  2954 | D:4      | Reached XP level 6. HP: 33/48 MP: 7/9
  3435 | D:4      | Reached skill level 7 in Unarmed Combat
  3734 | D:5      | Entered Level 5 of the Dungeon
  3857 | D:5      | Noticed Menkaure
  3864 | D:5      | Killed Menkaure
  3864 | D:5      | Your scales start taking on an icy white colour.
  3864 | D:5      | Reached XP level 7. HP: 52/59 MP: 8/10
  3864 | D:5      | Gained mutation: Your flesh is cold resistant. (rC+) [White Draconian growth]
  3984 | D:5      | Reached skill level 8 in Unarmed Combat
  4459 | D:5      | Reached skill level 9 in Unarmed Combat
  4459 | D:5      | Reached XP level 8. HP: 57/66 MP: 9/11
  4862 | D:6      | Found a blossoming altar of Fedhas.
  4884 | D:6      | Found a staircase to the Ecumenical Temple.
  5121 | D:6      | Reached skill level 10 in Unarmed Combat
  5152 | Temple   | Entered the Ecumenical Temple
  5353 | Temple   | Became a worshipper of Ashenzari the Shackled
  6545 | D:7      | Found a shimmering altar of Xom.
  6685 | D:6      | Reached skill level 5 in Fighting
  6862 | D:7      | Found a shadowy altar of Dithmenos.
  7000 | D:7      | Reached XP level 9. HP: 71/75 MP: 10/12
  7168 | D:8      | Noticed a two-headed ogre
  7244 | D:9      | Found a sacrificial altar of Ru.
  7266 | D:9      | Reached skill level 11 in Unarmed Combat
  7272 | D:9      | Gained mutation: You are frail. (-10% HP) [mutagenic meat]
  7274 | D:9      | Gained mutation: You are resistant to electric shocks. (rElec) [mutagenic meat]
  7275 | D:9      | Gained mutation: Your body sometimes deteriorates upon taking damage. [mutagenic meat]
  7276 | D:9      | Gained mutation: Scrolls take you a little longer to read. [mutagenic meat]
  7277 | D:9      | Gained mutation: You have a pair of small horns on your head. [mutagenic meat]
  7909 | D:9      | Reached skill level 5 in Transmutations
  7931 | D:9      | Noticed a gargoyle
  7949 | D:9      | Mangled by a gargoyle

Skill      XL: |  1  2  3  4  5  6  7  8  9 |
---------------+----------------------------+-----
Unarmed Combat | 4 6 7 9 10 11 | 11.1
Fighting       | 2 4 5 6 |  6.0
Transmutations | 5 |  5.5
Dodging        | |  1.7
Spellcasting   | |  2.0

Action                   |  1- 3 |  4- 6 |  7- 9 || total
-------------------------+-------+-------+-------++-------
Melee: Unarmed           |   120 |   215 |   291 ||   626
       Tailslap          |     6 |    25 |    33 ||    64
       Kick              |     9 |    17 |    40 ||    66
       Headbutt          |     2 |    12 |    42 ||    56
       Punch             |       |     2 |     6 ||     8
 Cast: Beastly Appendage |    38 |    44 |    72 ||   154
Invok: Curse Item        |       |       |     1 ||     1
 Abil: Breathe Frost     |       |       |    16 ||    16
Evoke: Wand              |       |       |     5 ||     5
 Stab: Sleeping          |     2 |       |     2 ||     4
  Eat: Chunk             |     2 |     5 |    24 ||    31
       Bread ration      |       |     1 |       ||     1
Armor: Skin              |    35 |    44 |    80 ||   159
Dodge: Dodged            |    72 |    80 |   128 ||   280
Block: Other             |     8 |    39 |    64 ||   111
       Reflection        |       |       |     1 ||     1
